 Dungeon Crawl Stone Soup version 0.32-a0-485-g70f7560b1c (webtiles) character file.

Game seed: 14690333475702101698

830 Asceticacid the Basher (level 7, -3/35 HPs)
             Began as a Vine Stalker Fighter on Feb 26, 2024.
             Was a Follower of Ru.
             Succumbed to a water moccasin's poison
             ... on level 4 of the Dungeon.
             The game lasted 00:05:50 (3250 turns).

Asceticacid the Basher (Vine Stalker Fighter)       Turns: 3250, Time: 00:05:51

Health: -3/35      AC:  9    Str: 18    XL:     7   Next: 97%
Magic:  5/8        EV:  7    Int:  8    God:    Ru [*.....]
Gold:   117        SH:  5    Dex: 16    Spells: 6/6 levels left

rFire   . . .        a - +0 flail
rCold   . . .        c - +0 buckler
rNeg    . . .        m - +0 chain mail
rPois   .            j - +0 helmet
rElec   .            (no cloak)
rCorr   .            (no gloves)
SInv    .            (no boots)
Will    .....        (no amulet) Stlth
                     (no ring)
HPRegen 1.05/turn    (no ring)
MPRegen 0.11/turn

%: inaccuracy (-5), guardian spirit
@: lethally poisoned (-3 -> -23)
A: fangs 2, regeneration 1, magic shield, antimagic bite, no potion heal 2,
missing an eye
a: Renounce Religion


You were on level 4 of the Dungeon.
You worshipped Ru.
Ru was aware of your devotion.
You visited 1 branch of the dungeon, and saw 5 of its levels.

You collected 262 gold pieces.
You spent 145 gold pieces at shops.

Inventory:

Hand Weapons
 a - a +0 flail (weapon)
Armour
 c - a +0 buckler (worn)
 j - a +0 helmet (worn)
 m - a +0 chain mail (worn)
Jewellery
 u - an amulet of the acrobat
Wands
 b - a wand of roots (3)
 p - a wand of polymorph (1)
Scrolls
 e - 3 scrolls of butterflies {unknown}
 f - 2 scrolls of amnesia {unknown}
 g - 2 scrolls of immolation
 i - 4 scrolls of teleportation
 l - 2 scrolls of poison
 r - 2 scrolls of identify
 s - 3 scrolls of noise {unknown}
 t - a scroll of blinking
Potions
 d - 3 potions of might
 h - 3 potions of curing {unknown}
 k - a potion of heal wounds {unknown}
 n - a potion of mutation {unknown}
 o - a potion of cancellation {unknown}
 q - a potion of invisibility {unknown}


   Skills:
 + Level 2.6 Fighting
 + Level 8.1 Maces & Flails
 + Level 2.4 Armour
 - Level 2.6 Shields


You had 6 spell levels left.
You didn't know any spells.
Your spell library contained the following spells:

 Spells                   Type           Power      Damage    Failure   Level
 Summon Small Mammal      Summ           0%         N/A       99%         1
 Call Canine Familiar     Summ           0%         N/A       100%        3
 Summon Blazeheart Golem  Fire/Summ      0%         N/A       100%        4


Dungeon Overview and Level Annotations

Branches:
Dungeon (5/15)
 Temple: D:4-7

Altars:
Fedhas
Nemelex Xobeh
Okawaru
Qazlal
Ru
Sif Muna

Shops:
D:1 (   D:3 [   D:4 ?


Innate Abilities, Weirdness & Mutations

You have extremely sharp teeth.
Your natural rate of healing is unusually fast.
When hurt, damage is shared between your health and your magic reserves.
Your bite disrupts and absorbs the magic of your enemies.
Potions cannot restore your health.
You are missing an eye, making it more difficult to aim.


Message History

The water moccasin is lightly wounded.
You feel sick. The water moccasin bites you.
You are more poisoned.
The water moccasin poisons you!
You sock the water moccasin! You bite the water moccasin. You drain its power.
You feel invigorated.
The water moccasin is heavily wounded.
You feel very sick. The water moccasin bites you. The water moccasin bites you!
You are lethally poisoned!
The water moccasin poisons you!
You are too injured to fight recklessly!
You are too injured to fight recklessly!
You are too injured to fight recklessly!
You barely miss the water moccasin. You bite the water moccasin.
You drain its power.
You feel invigorated.
The water moccasin is heavily wounded.
* * * LOW HITPOINT WARNING * * *
You feel very sick.
The water moccasin bites you but does no damage.
You barely miss the water moccasin.
The water moccasin is heavily wounded.
* * * LOW HITPOINT WARNING * * *
You feel very sick.
The water moccasin bites you but does no damage.
The water moccasin bites you.
* * * LOW HITPOINT WARNING * * *
Aiming: Fastroot
Press: ? - help, Shift-Dir - straight line The roots erupt in riotous growth!
Roots grab the water moccasin.
The grasping roots constrict the water moccasin.
* * * LOW HITPOINT WARNING * * *
You feel very sick. The water moccasin bites you.
You are more poisoned.
The water moccasin poisons you!
The grasping roots constrict the water moccasin.
You die...
Ru respects your ultimate sacrifice.

.)............##........##.# #<.
.#.#..#######.##....#.#.##.# #..
.....## #.....#.#....#.####).
...#..##########......##.#...##..
#..##.......)..#.......#.###.....
##..###..#####...................
#...##...#............##..##.#..
#.#....∩...#..............#.....
#..###.........@#######.........
###.............># #...#.....
>..............S.# #...#.)...
##..<............# #...#.....
#....÷.>######### #####.....
#.......# #..... #.......# ######
#.......# #.......#


You could see a water moccasin (rooted).

Vanquished Creatures
  A black bear (D:5)
  A centaur (D:4)
  A phantom (D:5)
  4 bombardier beetles
  A jelly (D:5)
  A gnoll bouda (D:5)
  2 iguanas
  A sleepcap (D:5)
  Terence (D:3)
  Ijyb (D:3)
  2 orc wizards (D:4)
  3 gnolls (D:4)
  7 adders
  3 ribbon worms
  4 dart slugs
  10 orcs
  4 endoplasms
  10 giant cockroaches
  9 goblins
  4 hobgoblins
  8 jackals
  10 kobolds
  7 quokkas
  8 ball pythons
  6 bats
  5 frilled lizards
  7 rats
121 creatures vanquished.

Notes
Turn   | Place    | Note
-------+----------+-------------------------------------------
     0 | D:1      | Asceticacid the Vine Stalker Fighter began the quest for
                  | the Orb.
     0 | D:1      | Reached XP level 1. HP: 11/11 MP: 2/2
    10 | D:1      | Noticed a centaur
    14 | D:1      | Reached skill level 2 in Maces & Flails
    31 | D:1      | Reached XP level 2. HP: 16/16 MP: 3/3
   288 | D:1      | Reached skill level 3 in Maces & Flails
   348 | D:1      | Reached XP level 3. HP: 19/19 MP: 4/4
   552 | D:1      | Found Rounarye's Weapon Boutique.
  1200 | D:2      | Reached XP level 4. HP: 23/23 MP: 3/5
  1447 | D:2      | Reached skill level 4 in Maces & Flails
  1689 | D:3      | Found Giahowum's Antique Armour Emporium.
  1798 | D:3      | Reached XP level 5. HP: 27/27 MP: 6/6
  1887 | D:3      | Noticed Terence
  1911 | D:3      | Killed Terence
  1912 | D:3      | Reached skill level 5 in Maces & Flails
  2059 | D:3      | Noticed Ijyb
  2088 | D:3      | Killed Ijyb
  2246 | D:3      | Found an iron altar of Okawaru.
  2247 | D:3      | Found a sacrificial altar of Ru.
  2247 | D:3      | Found a stormy altar of Qazlal.
  2247 | D:3      | Found a shimmering blue altar of Sif Muna.
  2249 | D:3      | Found a sparkling altar of Nemelex Xobeh.
  2252 | D:3      | Found a blossoming altar of Fedhas.
  2255 | D:3      | Became a worshipper of Ru the Awakened
  2332 | D:4      | Reached XP level 6. HP: 30/32 MP: 4/7
  2422 | D:4      | Reached skill level 6 in Maces & Flails
  2501 | D:4      | Reached XP level 7. HP: 34/35 MP: 8/8
  2668 | D:4      | Found Zuogimp's Magic Scroll Boutique.
  2678 | D:4      | Bought a scroll of blinking for 75 gold pieces
  2678 | D:4      | Bought a scroll of teleportation for 30 gold pieces
  2678 | D:4      | Bought a scroll of poison for 40 gold pieces
  2838 | D:5      | Entered Level 5 of the Dungeon
  2847 | D:5      | Reached skill level 7 in Maces & Flails
  3103 | D:4      | Reached skill level 8 in Maces & Flails
  3128 | D:5      | Gained mutation: You are missing an eye, making it more
                  | difficult to aim. [Ru sacrifice]
  3128 | D:5      | Reached * piety under Ru
  3250 | D:4      | Succumbed to a water moccasin's poison

Illustrated notes

Levels and vault maps discovered:
D:1:      evilmike_arrival_come_back, layout_basic, serial_shops, shop,
          grunt_decor_arrowhead, minmay_octomino_j4
D:2:      layout_loops_cross, grunt_ministairs_10
D:3:      layout_rooms, minitemple, serial_shops,
          nicolae_shop_overgrown_old_shop, uniq_ijyb, uniq_terence
D:4:      layout_rooms, serial_shops, shop_scrolls, chequers_decorated_corner
D:5:      kennysheep_kobold_camp, layout_rooms, uniq_blork_the_orc

Skill      XL: |  1  2  3  4  5  6  7 |
---------------+----------------------+-----
Maces & Flails | 2 3 4 5 6 8 |  8.1
Fighting       | |  2.6
Armour         | |  2.4
Shields        | |  2.6

Action                     |  1- 3 |  4- 6 |  7- 9 || total
---------------------------+-------+-------+-------++-------
  Melee: Flail             |   114 |   175 |    89 ||   378
         Bite              |    22 |    50 |    28 ||   100
 Invoke: Sacrifice an Eye  |       |       |     1 ||     1
  Evoke: Wand              |       |       |     4 ||     4
    Use: Scroll            |       |     1 |       ||     1
 Armour: Scale mail        |    76 |    16 |       ||    92
         Chain mail        |       |   128 |    92 ||   220
  Dodge: Dodged            |    59 |    56 |    30 ||   145
  Block: Buckler           |    27 |    42 |    34 ||   103

Table legend: (Time is in decaauts)
 A = Elapsed time spent in this place.
 B = Non-inter-level travel time spent in this place.
 C = Inter-level travel time spent in this place.
 D = Time resting spent in this place.
 E = Time spent auto-exploring this place.
 F = Levels seen in this place.
 G = Mean time per level.
                   A        B        C        D        E       F      G
               +--------+--------+--------+--------+--------+-----+--------+
         Total |   3317 |   3199 |    118 |     83 |   2107 |   5 |  663.4 |
       Dungeon |   3317 |   3199 |    118 |     83 |   2107 |   5 |  663.4 |
               +--------+--------+--------+--------+--------+-----+--------+

Top non-repeatable levels by time:
     D:1: 1041 daAuts
     D:3: 665 daAuts
     D:2: 656 daAuts
     D:4: 578 daAuts
     D:5: 377 daAuts
